 Dungeon Crawl Stone Soup version 0.27.1-33-g824d729ab1 (webtiles) character file.

Game seed: 13053791241908919343

23 pkoi the Shield-Bearer (level 2, -3/26 HPs)
             Began as a Draconian Fighter on Nov 30, 2021.
             Killed from afar by Sigmund (4 damage)
             ... with a magic dart
             ... on level 2 of the Dungeon.
             The game lasted 00:01:00 (1342 turns).

pkoi the Shield-Bearer (Draconian Fighter)          Turns: 1342, Time: 00:01:00

Health: -3/26      AC:  4    Str: 18    XL:     2   Next: 72%
Magic:  2/2        EV: 10    Int:  8    God:
Gold:   21         SH:  9    Dex: 10    Spells: 1/1 levels left

rFire    . . .     SeeInvis .     - Unarmed
rCold    . . .     Faith    .   a - +0 kite shield
rNeg     . . .     Spirit   .   (armour unavailable)
rPois    .         Reflect  .   (helmet restricted)
rElec    .         Harm     .   (no cloak)
rCorr    .         Rampage  .   (no gloves)
Will     .....                  (no boots)
Stlth    +.........             (no amulet)
HPRegen  0.08/turn              (no ring)
MPRegen  0.08/turn              (no ring)

@: no status effects
A: AC +4, unfitting armour, cold-blooded
a: no special abilities


You were on level 2 of the Dungeon.
You visited 1 branch of the dungeon, and saw 2 of its levels.

You collected 21 gold pieces.

Inventory:

Armour
 a - a +0 kite shield (worn)
Scrolls
 d - a scroll of identify {unknown}
 g - a scroll of teleportation {unknown}
Potions
 b - a potion of might
 c - a potion of ambrosia {unknown}
 e - a potion of flight {unknown}
 f - a potion of haste {unknown}


   Skills:
 - Level 3.2 Fighting
 - Level 2.6 Dodging
 + Level 3.3 Shields
 * Level 3.0 Unarmed Combat


You had one spell level left.
You didn't know any spells.
Your spell library was empty.

Dungeon Overview and Level Annotations

Branches:
Dungeon (2/15)

Altars:

Annotations:
D:2 Sigmund


Innate Abilities, Weirdness & Mutations

Your plain brown scales are hard. (AC +4)
You cannot fit into any form of body armour.
You are cold-blooded and may be slowed by cold attacks.


Message History

You tail-slap the quokka, but do no damage.
The quokka is almost dead.
You block the quokka's attack.
You hit the quokka but do no damage.
The quokka is almost dead.
You block the quokka's attack.
You closely miss the quokka.
The quokka is almost dead.
You block the quokka's attack. The quokka bites you.
You hit the quokka.
You kill the quokka!
You see here a quokka corpse.
Sigmund is nearby!
Sigmund is nearby!
Sigmund is nearby!
Sigmund is nearby!
Sigmund shouts!
Sigmund zaps a wand.
The puff of flame hits you!
You see here a quokka corpse.
Sigmund zaps a wand.
The puff of flame misses you.
Sigmund mumbles some strange words.
Sigmund flickers and vanishes!
Deactivating autopickup; reactivate with Ctrl-A.
You hear a zap.
A puff of flame appears from out of thin air!
The puff of flame hits you!
* * * LOW HITPOINT WARNING * * *
A magic dart appears from out of thin air!
The magic dart hits you.
* * * LOW HITPOINT WARNING * * *
Autopickup is now on.
You swing at nothing.
You hear a zap.
A puff of flame appears from out of thin air!
Deactivating autopickup; reactivate with Ctrl-A.
The puff of flame hits you.
* * * LOW HITPOINT WARNING * * *
A magic dart appears from out of thin air!
The magic dart hits you.
You die...

...## #...# .#...
#...#######..... ...............
#####.............
#.................
#..........[............
###+#+#.{.....................
#.............@................
##......##......................
#..........#########.....(..#...
#..........# #............+...
#..........#####............#...
#...........................+...
#............##.............#...
#............#<....#........'...
#........†.........+........#...


There were no monsters in sight!

Vanquished Creatures
  A bat (D:1)
  3 endoplasms
  2 jackals (D:1)
  4 quokkas
  4 ball pythons (D:1)
  A frilled lizard (D:1)
  2 kobolds (D:1)
  4 rats (D:1)
21 creatures vanquished.

Notes
Turn   | Place    | Note
-------+----------+-------------------------------------------
     0 | D:1      | pkoi the Draconian Fighter began the quest for the Orb.
     0 | D:1      | Reached XP level 1. HP: 19/19 MP: 1/1
   244 | D:1      | Reached XP level 2. HP: 21/26 MP: 2/2
   706 | D:1      | Found a faded altar of an unknown god.
  1068 | D:2      | Noticed Sigmund
  1341 | D:2      | HP: 1/26 [something/puff of flame (2)]
  1342 | D:2      | Killed from afar by Sigmund

Illustrated notes

Levels and vault maps discovered:
D:1:      dpeg_arrival_simpleton_a, layout_basic,
          shapermc_ecumenical_altar_acropolis, nrook_loot_triangle
D:2:      layout_basic, basic_altar, uniq_sigmund

Skill      XL: |  1  2 |
---------------+-------+-----
Unarmed Combat | 3 |  3.0
Fighting       | |  3.2
Dodging        | |  2.6
Shields        | |  3.3

Action                   || total
-------------------------++-------
Melee: Unarmed           ||    69
       Tailslap          ||     9
 Stab: Sleeping          ||     2
Armor: Skin              ||    19
Dodge: Dodged            ||    24
Block: Kite shield       ||    27
